 Dungeon Crawl Stone Soup version 0.22-a0-259-gdd11e71 (webtiles) character file.

2027 RoseArtemis the Basher (level 9, -6/79 HPs)
             Began as a Minotaur Fighter on Mar 5, 2018.
             Killed from afar by an orc wizard (7 damage)
             ... with a puff of flame
             ... on level 6 of the Dungeon.
             The game lasted 00:20:51 (7198 turns).

RoseArtemis the Basher (Minotaur Fighter)           Turns: 7198, Time: 00:20:52

Health: -6/79      AC:  8    Str: 23    XL:     9   Next: 3%
Magic:  8/8        EV:  8    Int:  8    God:
Gold:   273        SH: 11    Dex: 11    Spells: 8/8 levels left

rFire    . . .     SeeInvis .   a - +0 flail
rCold    + . .     Gourm    .   c - +0 shield
rNeg     . . .     Faith    .   b - +0 scale mail
rPois    .         Spirit   .   (helmet restricted)
rElec    .         Reflect  .   (no cloak)
rCorr    .         Harm     .   l - +0 pair of gloves
MR       .....                  (no boots)
Stlth    ..........             (no amulet)
HPRegen  0.23/turn              k - ring of protection from cold
MPRegen  0.11/turn              o - +3 ring of intelligence

@: lethally poisoned (-6 -> -6)
A: retaliatory headbutt, horns 2
a: no special abilities


You were on level 6 of the Dungeon.
You were not hungry.

You visited 1 branch of the dungeon, and saw 6 of its levels.

You collected 273 gold pieces.

Inventory:

Hand Weapons
 a - a +0 flail (weapon)
Armour
 b - a +0 scale mail (worn)
 c - a +0 shield (worn)
 l - a +0 pair of gloves (worn)
Jewellery
 k - a ring of protection from cold (left hand)
 o - a +3 ring of intelligence (right hand)
Scrolls
 d - a scroll of amnesia {unknown}
 i - 2 scrolls of teleportation
 p - 3 scrolls of remove curse
 s - a scroll of fear {unknown}
 t - 4 scrolls of magic mapping
 u - a scroll of fog
 v - a scroll of blinking {unknown}
 x - a scroll of enchant weapon {unknown}
 y - a scroll of enchant armour {unknown}
 A - a scroll of identify
Potions
 e - a potion of experience {unknown}
 g - 2 potions of haste
 h - a potion of flight {unknown}
 j - a potion of mutation {unknown}
 m - 2 potions of curing {unknown}
 n - 2 potions of heal wounds {unknown}
 q - 3 potions of brilliance
 r - a potion of magic {unknown}
 z - a potion of degeneration {unknown}
Comestibles
 f - 13 rations
 w - 3 chunks of flesh


   Skills:
 + Level 7.6 Fighting
 * Level 9.7 Maces & Flails
 - Level 6.0 Armour
 + Level 7.5 Shields


You had 8 spell levels left.
You didn't know any spells.

Dungeon Overview and Level Annotations

Branches:
Dungeon (6/15)
 Temple: D:4-7

Altars:
Cheibriados
Gozag
Hepliaklqana
Nemelex Xobeh
Sif Muna
Uskayaw
Vehumet
Wu Jian
Xom

Annotations:
D:2 1 runed door


Innate Abilities, Weirdness & Mutations

You reflexively headbutt those who attack you in melee.
You have a pair of horns on your head.


Message History

A puff of flame appears from out of thin air!
The puff of flame misses you.
You miss something.
The orc wizard mumbles some strange words.
The orc wizard blinks!
The orc wizard closely misses you. Something hits you.
* * * LOW HITPOINT WARNING * * *
The orc wizard hits you but does no damage.
You sock the orc wizard!
You kill the orc wizard!
Something hits you but does no damage.
You miss something.
* * * LOW HITPOINT WARNING * * *
You feel sick.
The orc wizard is no longer moving quickly.
You hear some strange, mumbled words.
You miss something. You headbutt something.
You hear some strange, mumbled words.
A puff of flame appears from out of thin air!
The puff of flame hits you!
You die...

***#.>...###.)##*****#..#
*,#..........##*,,,,#..#*
**,#.........## *,,,,..#*
*,,#.........# *,,,,.#*
#,*#........## *,,,,,* *
#.*##.......## *,,,,** *#
##.##.........# **,,,,*
*.
#........{)†..#**,,,,,*
*,
##........)@)..#*,,,,,**
**, *
#.........######,,,*,,*
*,, * **#.......o.#
***,,,***** **,
****,.........##**,,,,**
*,
,,,,,*##....§##**,,,,,*
** ,,****
###..o#**,,,,,** * ,,*
**##...*,,,,,** ,,**
***,,.<...,,,,**
,,,***,,,.......,,,*


You could see an orc wizard.

Vanquished Creatures
  The ghost of Karim the Charlatan, a novice GnAr of Uskayaw (D:3)
  A sky beast (D:5)
  2 orc warriors (D:6)
  An ice beast (D:6)
  3 ogres
  A phantom (D:6)
  A centaur (D:5)
  A bullfrog (D:6)
  2 scorpions
  3 wights (D:5)
  3 crimson imps (D:5)
  An orc priest (D:5)
  2 bullfrog skeletons
  2 iguanas
  3 orc wizards
  3 worker ants
  A killer bee zombie (D:5)
  A hound skeleton (D:4)
  3 gnolls (D:6)
  9 adders
  2 oozes
  An adder skeleton (D:4)
  An adder zombie (D:5)
  A worm (D:4)
  2 dart slugs (D:1)
  8 leopard geckos
  27 orcs
  11 bats
  5 giant cockroaches
  3 goblins
  7 hobgoblins
  4 jackals (D:1)
  8 kobolds
  A quokka (D:5)
  8 frilled lizards
  A jackal skeleton (D:5)
  6 rats
140 creatures vanquished.

Vanquished Creatures (others)
  An orc priest (D:3)
1 creature vanquished.

Grand Total: 141 creatures vanquished

Notes
Turn   | Place    | Note
-------+----------+-------------------------------------------
     0 | D:1      | RoseArtemis the Minotaur Fighter began the quest for the Orb.
     0 | D:1      | Reached XP level 1. HP: 19/19 MP: 0/0
    37 | D:1      | Reached XP level 2. HP: 26/27 MP: 1/1
   176 | D:1      | Reached skill level 3 in Maces & Flails
   340 | D:1      | Reached XP level 3. HP: 33/33 MP: 2/2
   906 | D:2      | Found an ornate altar of the Wu Jian Council.
  1336 | D:2      | Reached XP level 4. HP: 40/40 MP: 3/3
  1819 | D:2      | Found a deep blue altar of Sif Muna.
  1849 | D:2      | Found a runed door.
  1925 | D:2      | You fall through a shaft for 2 floors!
  1925 | D:4      | Found a sparkling altar of Nemelex Xobeh.
  1936 | D:4      | Reached skill level 4 in Maces & Flails
  2504 | D:3      | Noticed Karim's ghost (novice GnAr)
  2524 | D:3      | Killed Karim's ghost
  2524 | D:3      | Reached skill level 5 in Fighting
  2524 | D:3      | Reached skill level 5 in Maces & Flails
  2524 | D:3      | Reached skill level 5 in Armour
  2524 | D:3      | Reached skill level 5 in Shields
  2524 | D:3      | Reached XP level 5. HP: 34/48 MP: 4/4
  2524 | D:3      | Reached XP level 6. HP: 40/56 MP: 5/5
  2778 | D:3      | Found a radiant altar of Vehumet.
  3112 | D:4      | Reached skill level 6 in Maces & Flails
  3112 | D:4      | Reached XP level 7. HP: 28/61 MP: 6/6
  3389 | D:4      | Found a hide-covered altar of Uskayaw.
  4190 | D:5      | Entered Level 5 of the Dungeon
  4689 | D:5      | Found a shimmering altar of Xom.
  4691 | D:5      | Found a hazy altar of Hepliaklqana.
  4691 | D:5      | Noticed a yak
  4699 | D:5      | Noticed a yak
  4699 | D:5      | Noticed a spectral ugly thing
  5174 | D:5      | Reached skill level 7 in Maces & Flails
  5220 | D:5      | Reached XP level 8. HP: 46/70 MP: 7/7
  5726 | D:5      | Found a snail-covered altar of Cheibriados.
  6082 | D:5      | Reached skill level 8 in Maces & Flails
  6789 | D:6      | Reached skill level 9 in Maces & Flails
  6830 | D:6      | Found an opulent altar of Gozag.
  7191 | D:6      | Reached XP level 9. HP: 11/79 MP: 8/8
  7195 | D:6      | HP: 2/79 [something (2)]
  7198 | D:6      | Killed from afar by an orc wizard

Vault maps used:
D:1:      sevenhm_arrival_forest_fort_small_3
D:2:      lemuel_coloured_pillars_altar, lemuel_blue_sif_altar,
          uniq_crazy_yiuf_cottage
D:3:      fiery_altar_vehumet, first_ration, grunt_ministairs_14
D:4:      nemelex_xobeh_ov_fountains_minmay, kennysheep_mini_moat,
          columned_hall_lemuel, grunt_decor_one_mirror,
          kennysheep_generic_room_10
D:5:      cheibrodos_fzero, regret_index_temple_of_mockery, marbit_many_paths,
          uniq_edmund
D:6:      nicolae_gozag_seed_capital, gammafunk_temple_overflow_elements

Skill      XL: |  1  2  3  4  5  6  7  8 |
---------------+-------------------------+-----
Maces & Flails | 3 5 6 7 9 |  9.7
Armour         | 4 5 6 |  6.0
Shields        | 4 5 6 7 |  7.5
Fighting       | 4 5 6 7 |  7.6

Action                   |  1- 3 |  4- 6 |  7- 9 || total
-------------------------+-------+-------+-------++-------
Melee: Flail             |    69 |   114 |   263 ||   446
       Headbutt          |    15 |    18 |    53 ||    86
  Use: Potion            |       |     1 |     1 ||     2
       Scroll            |       |       |     9 ||     9
  Eat: Chunk             |     1 |     6 |     6 ||    13
       Ration            |       |       |     2 ||     2
Armor: Scale mail        |    26 |    54 |    74 ||   154
Dodge: Dodged            |    25 |    44 |    63 ||   132
Block: Shield            |    26 |    53 |   126 ||   205

Table legend:
 A = Spawn XP
 B = Non-spawn XP
 C = Spawn XP percentage of total XP
 D = Spawn monster count
 E = Non-spawn monster count
 F = Spawn count percentage of total count
 G = Total turns spent on level
                    A         B        C        D         E        F      G
               +---------+---------+-------+---------+---------+-------+---------
         Total |       0 |    2896 |   0.0 |       0 |     140 |   0.0 |  7198
               +---------+---------+-------+---------+---------+-------+---------
           D:1 |       0 |      48 |   0.0 |       0 |      22 |   0.0 |   811
           D:2 |       0 |      72 |   0.0 |       0 |      18 |   0.0 |  1226
           D:3 |       0 |     459 |   0.0 |       0 |      26 |   0.0 |   915
           D:4 |       0 |     258 |   0.0 |       0 |      16 |   0.0 |  1683
           D:5 |       0 |    1016 |   0.0 |       0 |      39 |   0.0 |  1749
           D:6 |       0 |    1043 |   0.0 |       0 |      19 |   0.0 |   814
               +---------+---------+-------+---------+---------+-------+---------
